 Dungeon Crawl Stone Soup version 0.20.1-1-g8b1a95d (webtiles) character file.

22162 Haldmier the Basher (level 12, -10/124 HPs)
             Began as an Ogre Wizard on July 12, 2017.
             Was a Priest of Ashenzari.
             Mangled by a black mamba (12 damage)
             ... on level 2 of the Lair of Beasts.
             The game lasted 01:26:43 (19175 turns).

Haldmier the Basher (Ogre Wizard)                  Turns: 19175, Time: 01:26:44

Health: -10/124    AC:  6    Str: 15    XL:     12   Next: 97%
Magic:  12/25      EV: 12    Int: 22    God:    Ashenzari [***...]
Gold:   816        SH:  0    Dex:  7    Spells: 18/29 levels left

rFire    + . .     SeeInvis +   b - +4 trident (protect) (curse)
rCold    + . .     Gourm    .   (no shield)
rNeg     + . .     Faith    .   N - +2 robe {MR+} (curse)
rPois    .         Spirit   .   C - +1 hat
rElec    .         Reflect  .   K - scarf {rC+ rF+} (curse)
rCorr    .         Harm     .   (gloves unavailable)
MR       ++...                  (boots unavailable)
Stlth    ++........             (no amulet)
Regen    0.3/turn               E - ring of positive energy
MPRegen  0.2/turn               (no ring)

@: lethally poisoned (-10 -> -19)
A: unfitting armour, tough skin 1
a: Curse Item, Scrying, Renounce Religion


You were on level 2 of the Lair of Beasts.
You worshipped Ashenzari.
Ashenzari was most pleased with you.
You were hungry.

You visited 3 branches of the dungeon, and saw 14 of its levels.

You collected 816 gold pieces.

Inventory:

Hand Weapons
 a - a +2 dagger of venom
 b - a cursed +4 trident of protection (weapon)
 n - a +0 giant spiked club of freezing
 J - the +6 long sword "Ultimatum" {protect, +Inv rPois rC+}
   (You found it on level 10 of the Dungeon)

   It protects the one who uses it against injury (+AC on strike).
   It protects you from cold.
   It protects you from poison.
   It lets you turn invisible.
Missiles
 h - 268 stones (quivered)
 z - 21 tomahawks
 P - 4 javelins
Armour
 C - a +1 hat (worn)
 F - a +0 shield
 K - a cursed scarf of resistance (worn)
 N - a cursed +2 robe of magic resistance (worn)
Jewellery
 E - a ring of positive energy (left hand)
Wands
 k - a wand of lightning (3/15)
 B - a wand of flame (6/48)
 H - a wand of enslavement (8/24)
Scrolls
 o - 5 scrolls of enchant weapon
 r - a scroll of magic mapping {unknown}
 s - 4 scrolls of teleportation
 t - a scroll of immolation
 u - a scroll of amnesia
 x - 4 scrolls of identify
 y - a scroll of recharging
 D - a scroll of blinking
 O - a scroll of vulnerability {unknown}
 Q - a scroll of remove curse
Potions
 e - a potion of magic
 f - 2 potions of invisibility
 j - a potion of berserk rage
 l - 5 potions of haste
 m - 3 potions of resistance
 p - 3 potions of curing {unknown}
 q - a potion of lignification {unknown}
 v - 3 potions of flight
 A - 3 potions of mutation
 G - a potion of brilliance
 I - a potion of might {unknown}
 M - a potion of ambrosia {unknown}
 R - a potion of cancellation {unknown}
Books
 c - a book of Minor Magic

   Spells                             Type                      Level
   a - Magic Dart                     Conjuration                  1
   b - Blink                          Translocation                2
   c - Call Imp                       Summoning                    2
   d - Slow                           Hexes                        2
   e - Conjure Flame                  Conjuration/Fire             3
   f - Mephitic Cloud                 Conjuration/Poison/Air       3
 g - a book of Geomancy

   Spells                             Type                      Level
   a - Sandblast                      Earth                        1
   b - Passwall                       Transmutation/Earth          2
   c - Stone Arrow                    Conjuration/Earth            3
   d - Petrify                        Transmutation/Earth          4
   e - Lee's Rapid Deconstruction     Earth                        5
Comestibles
 d - 6 bread rations
 i - 7 royal jellies
 w - 8 meat rations
 L - 2 fruits


   Skills:
 - Level 9.4 Fighting
 + Level 11.6 Maces & Flails
 - Level 7.3(10.3) Polearms
 - Level 5.5(7.4) Dodging
 - Level 1.4(2.7) Stealth
 - Level 9.4 Spellcasting
 - Level 5.0 Conjurations
 - Level 3.0 Summonings
 - Level 3.0 Translocations
 - Level 3.0 Fire Magic
 - Level 3.1 Air Magic
 - Level 3.0 Poison Magic


You had 18 spell levels left.
You knew the following spells:

 Your Spells              Type           Power        Failure   Level  Hunger
a - Magic Dart            Conj           ####         1%          1    None
b - Blink                 Tloc           N/A          2%          2    None
c - Call Imp              Summ           ###.....     2%          2    None
d - Mephitic Cloud        Conj/Pois/Air  ####....     4%          3    None
e - Conjure Flame         Conj/Fire      ####....     3%          3    None


Dungeon Overview and Level Annotations

Branches:
Dungeon (10/15)            Temple (1/1) D:5            Lair (3/6) D:9
  Snake (0/4) Lair:2          Orc (0/2) D:10
  Swamp: Lair:2-4    Shoals: Lair:2-4

Altars:
Ashenzari
Cheibriados
Dithmenos
Elyvilon
Fedhas
Gozag
Hepliaklqana
Kikubaaqudgha
Makhleb
Nemelex Xobeh
Okawaru
Qazlal
Ru
Sif Muna
Trog
Uskayaw
Vehumet
Xom
Yredelemnul
Zin
The Shining One

Annotations:
D:3 appiemonkey's ghost, amateur HaSk
D:6 Menkaure
D:9 appiemonkey's ghost, novice DEAE


Innate Abilities, Weirdness & Mutations

You are too large for most types of armour.
You have tough skin. (AC +1)


Message History

Your crimson imp blinks!
The black mamba is engulfed in blazing flames.
The black mamba bites you.
* * * LOW HITPOINT WARNING * * *
Casting: Magic Dart
Confirm with . or Enter, or press ? or * to list all spells.
Aiming: Magic Dart
Press: ? - help, Shift-Dir - straight line, f/p - black mamba
Aim: a black mamba (flame, heavily wounded)
The magic dart hits the black mamba.
The black mamba is heavily wounded.
You feel sick.
The black mamba is engulfed in blazing flames.
The black mamba bites you!
* * * LOW HITPOINT WARNING * * *
* * * LOW HITPOINT WARNING * * *
You feel sick.
The black mamba is engulfed in blazing flames.
The black mamba bites you!
You die...

....... ###.....#.#.#..
* ####..
######.......##... ,
#....#P.P#...#.P.......
,
,.....P.....##........
..........##*##...###
#P.#......## #..###. *
#**##......# ##.#..#. ,
###.....###....... *
#@................ ,
,., #S§.....####......
,..#*##§....## ##.....
....#......#####.....#
,
....P.§...##....#....#
, *
,......................
*
.......................
,
#......#..........##...
,
#.....#####......#####.


You could see a black mamba.

Vanquished Creatures
  A hydra (Lair:2)
  Erica (D:8)
  2 two-headed ogres
  Pikel (D:7)
  Maurice (D:8)
  3 black mambas
  7 spiny frogs
  A troll (D:9)
  12 blink frogs (Lair:2)
  3 hippogriffs
  Sigmund (D:5)
  34 yaks
  Eustachio (D:4)
  Grum (D:8)
  A basilisk (Lair:2)
  A hungry ghost (D:7)
  3 wargs (D:9)
  5 water moccasins
  4 nagas (Lair:2)
  Duvessa (D:7)
  5 porcupines
  A swamp drake (D:10)
  3 orc warriors
  4 slaves (D:7)
  3 phantoms
  2 ice beasts
  A black bear (D:9)
  A necrophage (D:7)
  2 ogres
  4 centaurs
  9 wolves
  4 crocodiles
  A big kobold (D:10)
  6 bullfrogs
  A gnoll sergeant (D:10)
  Dowan (D:7)
  3 scorpions
  2 water moccasin skeletons
  5 wights (D:6)
  A howler monkey (D:6)
  3 crimson imps
  3 quasits
  5 hounds
  3 centaur skeletons
  A bullfrog skeleton (D:4)
  7 orc priests
  2 jellies
  14 orc wizards
  Jessica (D:2)
  7 iguanas
  Natasha (thrice) (D:3)
  5 worker ants
  2 hound zombies
  A worker ant zombie (D:9)
  Robin (D:1)
  15 adders
  8 gnolls
  A shadow imp (D:5)
  An adder zombie (D:6)
  An adder skeleton (D:4)
  A worm (D:2)
  3 dart slugs
  6 leopard geckos
  43 orcs
  A ball python (D:2)
  6 bats
  7 giant cockroaches
  13 goblins
  12 hobgoblins
  14 jackals
  6 quokkas
  2 frilled lizards
  A jackal zombie (D:5)
  17 kobolds
  8 rats
367 creatures vanquished.

Vanquished Creatures (collateral kills)
  Grinder (D:6)
  A yak (D:8)
  2 adders (D:3)
  A worm (D:2)
5 creatures vanquished.

Vanquished Creatures (others)
  A wizard (D:7)
  9 fungi (Lair:2)
  A plant (Lair:2)
11 creatures vanquished.

Grand Total: 383 creatures vanquished

Notes
Turn   | Place    | Note
-------+----------+-------------------------------------------
     0 | D:1      | Haldmier the Ogre Wizard began the quest for the Orb.
     0 | D:1      | Reached XP level 1. HP: 16/16 MP: 5/5
    18 | D:1      | Reached skill level 1 in Conjurations
   264 | D:1      | Reached XP level 2. HP: 16/24 MP: 2/6
  1272 | D:2      | Learned a level 2 spell: Blink
  1275 | D:2      | Learned a level 2 spell: Call Imp
  1291 | D:2      | Reached skill level 1 in Summonings
  1291 | D:2      | Reached XP level 3. HP: 31/31 MP: 3/8
  1298 | D:2      | Noticed Robin
  1383 | D:1      | Reached skill level 1 in Translocations
  1411 | D:1      | Killed Robin
  1658 | D:2      | Found a blossoming altar of Fedhas.
  1902 | D:2      | Reached XP level 4. HP: 33/39 MP: 10/10
  2046 | D:2      | Learned a level 3 spell: Mephitic Cloud
  2058 | D:2      | Noticed Jessica
  2280 | D:2      | Found a bloodstained altar of Trog.
  2283 | D:2      | Found a stormy altar of Qazlal.
  2286 | D:2      | Found a deep blue altar of Sif Muna.
  2451 | D:2      | Killed Jessica
  2451 | D:2      | Reached skill level 1 in Fighting
  2451 | D:2      | Reached XP level 5. HP: 24/48 MP: 8/11
  3282 | D:3      | Found a basalt altar of Yredelemnul.
  3461 | D:3      | Noticed Natasha
  3468 | D:3      | Killed Natasha
  3473 | D:3      | Learned a level 3 spell: Conjure Flame
  3565 | D:3      | Noticed appiemonkey's ghost (amateur HaSk)
  3848 | D:3      | Noticed Natasha
  3854 | D:3      | Killed Natasha
  3854 | D:3      | Reached skill level 1 in Air Magic
  3993 | D:3      | Reached skill level 1 in Poison Magic
  3993 | D:3      | Reached XP level 6. HP: 48/57 MP: 9/13
  4064 | D:3      | Noticed Natasha
  4069 | D:3      | Killed Natasha
  4533 | D:4      | Reached skill level 1 in Fire Magic
  4653 | D:4      | Reached XP level 7. HP: 64/65 MP: 7/14
  4714 | D:4      | Noticed Eustachio
  4736 | D:4      | Reached skill level 5 in Spellcasting
  4755 | D:4      | Killed Eustachio
  5405 | D:4      | Reached XP level 8. HP: 73/75 MP: 10/16
  5430 | D:4      | Found a sparkling altar of Nemelex Xobeh.
  5625 | D:5      | Entered Level 5 of the Dungeon
  5649 | D:5      | Noticed Sigmund
  5667 | D:5      | Killed Sigmund
  5923 | D:5      | Noticed a yak
  5923 | D:5      | Noticed a yak
  5923 | D:5      | Noticed a yak
  5923 | D:5      | Noticed a yak
  5924 | D:5      | Noticed a yak
  5989 | D:5      | Killed a yak
  6021 | D:4      | Killed a yak
  6038 | D:4      | Killed a yak
  6309 | D:4      | Killed a yak
  6309 | D:4      | Reached skill level 5 in Fighting
  6309 | D:4      | Reached XP level 9. HP: 58/88 MP: 6/18
  6890 | D:5      | Found a staircase to the Ecumenical Temple.
  6911 | Temple   | Entered the Ecumenical Temple
  7182 | Temple   | Became a worshipper of Ashenzari the Shackled
  7464 | D:5      | Found a glowing golden altar of the Shining One.
  7958 | D:6      | Found a snail-covered altar of Cheibriados.
  7996 | D:6      | Noticed Menkaure
  8301 | D:6      | Noticed Grinder
  8326 | D:6      | Paralysed by Grinder for 4 turns
  8339 | D:6      | Killed Grinder
  8530 | D:5      | Reached skill level 5 in Conjurations
  8663 | D:6      | Reached skill level 1 in Polearms
  9743 | D:7      | Reached XP level 10. HP: 101/102 MP: 21/21
 10004 | D:7      | Found a bloodstained altar of Trog.
 10005 | D:7      | Noticed a wizard
 10007 | D:7      | Reached * piety under Ashenzari
 10010 | D:7      | Killed a wizard
 10073 | D:7      | Noticed Pikel
 10104 | D:7      | Killed Pikel
 10306 | D:7      | Noticed Dowan
 10307 | D:7      | Noticed Duvessa
 10329 | D:7      | Killed Duvessa
 10350 | D:7      | Killed Dowan
 10350 | D:7      | Reached skill level 5 in Polearms
 10935 | D:8      | Noticed Grum
 10948 | D:8      | Killed Grum
 11196 | D:8      | Noticed Maurice
 11222 | D:8      | Killed Maurice
 11376 | D:8      | Noticed Erica
 11393 | D:8      | Reached skill level 5 in Dodging
 11403 | D:8      | Killed Erica
 11403 | D:8      | Reached XP level 11. HP: 92/115 MP: 13/24
 11465 | D:8      | Noticed a two-headed ogre
 11475 | D:8      | Killed a two-headed ogre
 11854 | D:9      | Noticed appiemonkey's ghost (novice DEAE)
 12286 | D:9      | Reached ** piety under Ashenzari
 12345 | D:9      | Reached skill level 1 in Maces & Flails
 12507 | D:9      | Reached skill level 2 in Maces & Flails
 12570 | D:9      | Noticed a two-headed ogre
 12587 | D:9      | Killed a two-headed ogre
 12587 | D:9      | Reached skill level 3 in Maces & Flails
 12723 | D:9      | Found a staircase to the Lair.
 12850 | D:9      | Reached skill level 4 in Maces & Flails
 12894 | D:10     | Entered Level 10 of the Dungeon
 13196 | D:10     | Identified the +1 ring mail of the Ten Gods {Str+2 Dex+3}
 13386 | D:10     | Reached skill level 5 in Maces & Flails
 13519 | D:10     | Identified the +6 long sword "Ultimatum" {protect, +Inv rPois rC+}
 14187 | D:10     | Found a staircase to the Orcish Mines.
 14497 | D:10     | Reached skill level 6 in Maces & Flails
 14895 | Lair:1   | Entered Level 1 of the Lair of Beasts
 15190 | Lair:1   | Reached skill level 7 in Maces & Flails
 15246 | Lair:1   | Reached XP level 12. HP: 84/124 MP: 19/25
 15632 | Lair:1   | Reached *** piety under Ashenzari
 15709 | Lair:1   | Reached skill level 8 in Maces & Flails
 16347 | Lair:1   | Reached skill level 9 in Maces & Flails
 17357 | Lair:2   | Found a staircase to the Snake Pit.
 17817 | Lair:2   | Reached skill level 10 in Maces & Flails
 18164 | Lair:2   | Noticed a seven-headed hydra
 18190 | Lair:2   | Killed a seven-headed hydra
 18449 | Lair:2   | Reached skill level 11 in Maces & Flails
 18478 | Lair:3   | Noticed a seven-headed hydra
 19174 | Lair:2   | HP: 4/124 [black mamba (9)]
 19175 | Lair:2   | Mangled by a black mamba

Skill      XL: |  1  2  3  4  5  6  7  8  9 10 11 12 |
---------------+-------------------------------------+-----
Conjurations   | 1 2 3 4 5 |  5.0
Spellcasting   | 4 5 6 7 9 |  9.4
Summonings     | 1 2 3 |  3.0
Translocations | 1 2 3 |  3.0
Fighting       | 1 2 3 5 7 9 |  9.4
Air Magic      | 1 2 3 |  3.1
Poison Magic   | 1 3 |  3.0
Fire Magic     | 1 2 3 |  3.0
Dodging        | 2 3 5 |  5.5
Polearms       | 3 6 7 |  7.3
Maces & Flails | 7 11 | 11.6
Stealth        | |  1.4

Action                   |  1- 3 |  4- 6 |  7- 9 | 10-12 || total
-------------------------+-------+-------+-------+-------++-------
Melee: Unarmed           |    35 |       |       |       ||    35
       Dagger            |    38 |   115 |   226 |       ||   379
       Trident           |       |       |   114 |  1033 ||  1147
       Scythe            |       |       |    62 |       ||    62
Throw: Stone             |       |     2 |       |       ||     2
 Cast: Magic Dart        |    61 |    85 |    74 |    88 ||   308
       Call Imp          |     3 |     7 |    11 |    11 ||    32
       Blink             |       |     1 |     4 |     7 ||    12
       Conjure Flame     |       |     2 |    29 |    67 ||    98
       Mephitic Cloud    |       |     2 |    20 |    41 ||    63
Invok: Curse Item        |       |       |       |     3 ||     3
Evoke: Wand              |       |       |       |     1 ||     1
  Use: Scroll            |       |     6 |     5 |    12 ||    23
       Potion            |       |       |       |     3 ||     3
 Stab: Sleeping          |     1 |       |     2 |     1 ||     4
       Confused          |       |       |     5 |    14 ||    19
       Distracted        |       |       |       |     2 ||     2
  Eat: Chunk             |     3 |     9 |    16 |    27 ||    55
       Fruit             |       |       |     2 |     4 ||     6
Armor: Robe              |    35 |    21 |    63 |   220 ||   339
Dodge: Dodged            |    49 |    49 |   153 |   286 ||   537
